 Dungeon Crawl Stone Soup version 0.29.1-15-g9cfb28693d (webtiles) character file.

Game seed: 13940208823811569024

1690 croobank the Caller (level 8, -9/62 HPs)
             Began as a Demigod Summoner on Apr 30, 2023.
             Killed from afar by a steam dragon (19 damage)
             ... with a ball of steam
             ... on level 7 of the Dungeon.
             The game lasted 00:30:08 (8336 turns).

croobank the Caller (Demigod Summoner)              Turns: 8336, Time: 00:30:08

Health: -9/62      AC:  4    Str:  9    XL:     8   Next: 44%
Magic:  6/16       EV: 17    Int: 29    God:
Gold:   252        SH:  0    Dex: 17    Spells: 5/14 levels left

rFire   . . .      SeeInvis +   d - +3 quick blade
rCold   . . .      Faith    .   (no shield)
rNeg    . . .      Spirit   .   e - +0 robe
rPois   .          Reflect  .   (no helmet)
rElec   .          Harm     .   w - +0 cloak
rCorr   +          Rampage  .   u - +0 pair of gloves
Will    .....                   (no boots)
Stlth   +++.......              (no amulet)
HPRegen 0.20/turn               t - ring "Pout" {rCorr Int+4 Dex+3 SInv}
MPRegen 0.15/turn               h - +4 ring of evasion

@: lethally poisoned (-9 -> -10), attractive
A: high MP 1, forlorn, divine attributes
a: no special abilities


You were on level 7 of the Dungeon.
You visited 1 branch of the dungeon, and saw 7 of its levels.

You collected 252 gold pieces.

Inventory:

Hand Weapons
 a - a +0 short sword
 b - a +0 sling
 d - a +3 quick blade (weapon)
 m - a +0 quarterstaff
 B - a +2 falchion of freezing
 D - the +6 shillelagh "Devastator" {shatter}
   (You found it on level 6 of the Dungeon)

   It releases a powerful concussive burst when it strikes, dealing extra damage
   to the target and all other foes adjacent to them.
Missiles
 o - a throwing net
 y - 11 poisoned darts
Armour
 e - a +0 robe (worn)
 l - a +0 leather armour
 s - a +0 ring mail
 u - a +0 pair of gloves (worn)
 w - a +0 cloak (worn)
Jewellery
 h - a +4 ring of evasion (right hand)
 t - the ring "Pout" (left hand) {rCorr Int+4 Dex+3 SInv}
   (You found it on level 3 of the Dungeon)

   [ring of see invisible]

   Int:       It affects your intelligence (+4).
   Dex:       It affects your dexterity (+3).
   SInv:      It lets you see invisible.
   rCorr:     It protects you from acid and corrosion.
Scrolls
 f - 2 scrolls of poison
 j - 2 scrolls of blinking
 x - a scroll of magic mapping
Potions
 c - 3 potions of mutation
 i - 3 potions of lignification
 k - a potion of curing
 n - a potion of haste
 q - 4 potions of might {unknown}
 r - a potion of invisibility {unknown}
 v - 2 potions of magic
 z - 2 potions of berserk rage {unknown}
 A - a potion of cancellation {unknown}


   Skills:
 + Level 2.9 Fighting
 * Level 3.7 Short Blades
 + Level 3.7 Dodging
 + Level 4.1 Stealth
 + Level 3.5 Spellcasting
 + Level 4.9 Summonings
 + Level 2.8 Fire Magic
 + Level 3.0 Air Magic
 + Level 2.9 Poison Magic


You had 5 spell levels left.
You knew the following spells:

 Your Spells              Type           Power      Damage    Failure   Level
a - Summon Small Mammal   Summ           100%       N/A       1%          1
b - Call Imp              Summ           33%        N/A       1%          2
c - Poisonous Vapours     Pois/Air       44%        N/A       3%          2
d - Foxfire               Conj/Fire      52%        2x1d6     4%          1
e - Summon Guardian Gole  Hex/Summ       19%        N/A       8%          3

Your spell library contained the following spells:

 Spells                   Type           Power      Damage    Failure   Level
 Call Canine Familiar     Summ           33%        N/A       2%          3
 Apportation              Tloc           10%        N/A       8%          1
 Magic Dart               Conj           20%        1d4       8%          1
 Necrotise                Necr           20%        1d5       8%          1
 Ignite Poison            Fire/Tmut/Pois 16%        N/A       10%         3
 Mephitic Cloud           Conj/Pois/Air  16%        N/A       10%         3
 Conjure Flame            Conj/Fire      13%        6-21      12%         3
 Inner Flame              Hex/Fire       13%        N/A       12%         3
 Summon Lightning Spire   Summ/Air       28%        N/A       14%         4
 Vampiric Draining        Necr           5%         2d6       22%         3
 Corpse Rot               Necr/Pois/Air  16%        N/A       32%         4
 Flame Wave               Conj/Fire      13%        2d6       38%         4
 Leda's Liquefaction      Hex/Erth       2%         N/A       58%         4
 Freezing Cloud           Conj/Ice/Air   5%         6-21      80%         5
 Agony                    Necr           5%         N/A       90%         5
 Lee's Rapid Deconstruct  Erth           2%         3d6*      90%         5
 Statue Form              Tmut/Erth      3%         N/A       100%        6


Dungeon Overview and Level Annotations

Branches:
Dungeon (7/15)             Temple (0/1) D:5

Annotations:
D:5 2 transporters, PriceMaster's ghost, novice OpFE


Innate Abilities, Weirdness & Mutations

You have an increased reservoir of magic. (+10% MP)
You shall have no god before yourself.
Your divine heritage dramatically boosts your attributes as you level up.


Message History

The water moccasin is heavily wounded.
You feel sick. The water moccasin closely misses you.
You barely miss the water moccasin.
The water moccasin is heavily wounded.
You feel sick.
A shadow imp comes into view.
The water moccasin bites you but does no damage.
The shadow imp is attracted toward you.
Casting: Summon Guardian Golem (dangerous; 8% risk of failure)
Confirm with . or Enter, or press ? or * to list all spells.
A guardian golem appears, shielding your allies.
The shadow imp shouts!
You feel sick.
You hear an angry hiss.
Your guardian golem disappears in a puff of smoke!
The water moccasin misses you.
The shadow imp grins evilly.
The shadow imp is attracted toward you.
You hit the water moccasin.
The water moccasin is severely wounded.
You feel sick. The water moccasin closely misses you.
You hit the water moccasin.
The water moccasin is severely wounded.
The shadow imp hits your guardian golem but does no damage.
The water moccasin bites you!
* * * LOW HITPOINT WARNING * * *
You swap places.
You feel sick.
The water moccasin bites your guardian golem.
The shadow imp closely misses you.
A steam dragon comes into view.
The steam dragon is attracted toward you.
You swap places.
You feel sick. The water moccasin barely misses you.
The shadow imp hits your guardian golem but does no damage.
The steam dragon breathes steam at you.
The ball of steam hits the shadow imp!!
The shadow imp dies!
The ball of steam hits your guardian golem.
Your guardian golem resists.
The ball of steam hits you!!
You die...

#......
#.....
#...§. #....
# #..§##.#..
..D......
#.§......
#9#####
#@##..
#S##.#
#†##.#####..
#)†.y.......
####.##.#..#
#... #.##..
#.# #.. #.#
.


You could see a steam dragon (catching breath, ally target), a water moccasin
and a friendly guardian golem (summoned).

Vanquished Creatures
  Eustachio (D:5)
  A steam dragon (D:6)
  5 ogres
  A necrophage (D:6)
  A scorpion (D:7)
  A killer bee (D:7)
  An iguana (D:5)
  An orc wizard (D:6)
  8 adders
  A shadow imp (D:7)
  2 white imps (D:6)
  3 dart slugs
  9 orcs
  4 ball pythons
  4 bats
  2 endoplasms (D:3)
  3 giant cockroaches
  8 goblins (D:4)
  A hobgoblin (D:2)
  A jackal (D:2)
  5 kobolds
  2 frilled lizards (D:2)
  2 rats
67 creatures vanquished.

Vanquished Creatures (collateral kills)
  A black bear (D:6)
  A kobold brigand (D:6)
  A killer bee (D:7)
  A hound (D:5)
  3 adders
  2 dart slugs
  5 orcs
  2 ball pythons (D:1)
  3 endoplasms
  2 giant cockroaches
  6 goblins
  A hobgoblin (D:1)
  5 jackals
  2 quokkas
  3 bats
  A frilled lizard (D:1)
  5 kobolds
  5 rats (D:1)
49 creatures vanquished.

Vanquished Creatures (others)
  A sky beast (D:7)
  A black bear (D:6)
  A necrophage (D:4)
  2 killer bees (D:7)
  A shadow imp (D:7)
  125 foxfires
  6 plants (D:5)
137 creatures vanquished.

Grand Total: 253 creatures vanquished

Notes
Turn   | Place    | Note
-------+----------+-------------------------------------------
     0 | D:1      | croobank the Demigod Summoner began the quest for the Orb.
     0 | D:1      | Reached XP level 1. HP: 14/14 MP: 5/5
   574 | D:1      | Reached XP level 2. HP: 18/20 MP: 4/7
   577 | D:1      | Learned a level 2 spell: Call Imp
  1338 | D:1      | Learned a level 2 spell: Poisonous Vapours
  1810 | D:2      | Reached XP level 3. HP: 27/27 MP: 2/8
  2976 | D:3      | Learned a level 1 spell: Foxfire
  3033 | D:3      | Reached XP level 4. HP: 34/34 MP: 6/10
  3311 | D:3      | Identified the ring "Pout" {rCorr Int+4 Dex+3 SInv}
  3345 | D:3      | You fall into a shaft and drop 1 floor!
  3394 | D:4      | Reached skill level 1 in Fighting
  3584 | D:4      | Noticed an ogre
  3625 | D:4      | Reached skill level 1 in Air Magic
  3922 | D:4      | Identified a scroll of acquirement
  3967 | D:4      | Noticed a necrophage
  4050 | D:4      | Reached skill level 1 in Poison Magic
  4140 | D:4      | Acquired a +3 quick blade
  4249 | D:5      | Entered Level 5 of the Dungeon
  4256 | D:5      | Found a staircase to the Ecumenical Temple.
  4271 | D:5      | Noticed an ogre
  4316 | D:5      | Reached skill level 1 in Fire Magic
  4316 | D:5      | Reached XP level 5. HP: 17/38 MP: 5/11
  4651 | D:5      | Noticed an angel
  4762 | D:5      | Noticed Eustachio
  4794 | D:5      | Killed Eustachio
  4795 | D:5      | Reached skill level 1 in Short Blades
  4795 | D:5      | Reached XP level 6. HP: 36/47 MP: 3/12
  4979 | D:6      | Learned a level 3 spell: Summon Guardian Golem
  5263 | D:5      | Found a transporter.
  5264 | D:5      | Identified the ring of Happiness {rPois rC+ Will- Str+2
                  | Slay+2}
  5281 | D:5      | Identified the +7 trident "Peupsy" {pain, rElec rF+ rC+}
  5281 | D:5      | Identified the +0 buckler of the Depths {rElec Str+3 Int-2
                  | SInv}
  5297 | D:5      | Noticed PriceMaster's ghost (novice OpFE)
  5314 | D:5      | Found a transporter.
  6199 | D:6      | Noticed a steam dragon
  6216 | D:5      | Reached XP level 7. HP: 23/55 MP: 6/14
  6859 | D:6      | Found the +6 shillelagh "Devastator" {shatter}
  7273 | D:6      | Killed a steam dragon
  7274 | D:6      | Reached XP level 8. HP: 22/62 MP: 14/16
  8336 | D:7      | Killed from afar by a steam dragon

Illustrated notes

Levels and vault maps discovered:
D:1:      shiori_arrival_maze, layout_basic, shapermc_ecumenical_altar_venn,
          minmay_misc_feat_plants
D:2:      layout_loops_ring
D:3:      layout_rooms, bloody_makhleb, nicolae_elevator_lobby_asterisk
D:4:      layout_loops_ring, nicolae_sif_muna_condensation, minmay_ogre_servants
D:5:      layout_cave_pools, zin_angel, kennysheep_mini,
          minmay_temple_entry_trees, gammafunk_ghost_gnarly_gnolls,
          uniq_eustachio
D:6:      layout_layer_cave, mainiacjoe_overflow_cross_hatched,
          portal_sewer_entry_d, grunt_ministairs_7,
          dilly_guarded_unrand_devastator
D:7:      layout_loops_cross, grunt_qazlal_sundering, serial_glass,
          glass_columns_b, glass_columns_a, serial_shops, nicolae_square_shop

Skill      XL: |  1  2  3  4  5  6  7  8 |
---------------+-------------------------+-----
Stealth        | 2 3 4 |  4.1
Dodging        | 2 3 |  3.7
Spellcasting   | 2 3 |  3.5
Fighting       | 1 2 |  2.9
Summonings     | 4 |  4.9
Air Magic      | 1 2 3 |  3.0
Poison Magic   | 1 2 |  2.9
Fire Magic     | 1 2 |  2.8
Short Blades   | 1 2 3 |  3.7

Action                   |  1- 3 |  4- 6 |  7- 9 || total
-------------------------+-------+-------+-------++-------
Melee: Unarmed           |     7 |       |       ||     7
       Short sword       |    53 |    36 |       ||    89
       Quick blade       |       |    84 |    15 ||    99
       Shillelagh        |       |       |    44 ||    44
 Cast: Summon Small Mamm |    49 |    17 |     4 ||    70
       Call Imp          |    20 |     9 |     4 ||    33
       Poisonous Vapours |    10 |     5 |       ||    15
       Foxfire           |     5 |    49 |    24 ||    78
       Summon Guardian G |       |     4 |     5 ||     9
  Use: Scroll            |       |    11 |     3 ||    14
       Potion            |       |       |     3 ||     3
 Stab: Sleeping          |     4 |     2 |     2 ||     8
Armor: Robe              |    17 |    19 |     7 ||    43
Dodge: Dodged            |    41 |   139 |    80 ||   260
